TOP OF THE 1ST |
Grand Forks Caterpillars batting - Pitching for Belleville Bulls : LHP Jason Schneider
|
Pitching: LHP Jason Schneider
|
|
Batting: SHB Robert Penn
|
0-0: Ball 1-0: Ball 2-0: Ball 3-0: Called Strike 3-1: Called Strike 3-2: Foul Ball, location: 2F 3-2: SINGLE (Line Drive, 56D)
|
Batting: RHB Hirotada Rin
|
0-0: Foul Ball, location: 2F 0-1: Ball 1-1: Swinging Strike 1-2: Strikes out swinging
|
Batting: SHB Kilipaki Malamapono
|
0-0: Foul Ball, location: 2F 0-1: Ball 1-1: Ball 2-1: Swinging Strike 2-2: Ball 3-2: Strikes out looking
|
Batting: RHB Roberto Flores
|
0-0: Called Strike 0-1: Ball 1-1: Swinging Strike 1-2: Ball 2-2: Strikes out looking
|
Top of the 1st over - 0 runs, 1 hit, 0 errors, 1 left on base; Grand Forks 0 - Belleville 0 |
BOTTOM OF THE 1ST |
Belleville Bulls batting - Pitching for Grand Forks Caterpillars : RHP Paco Rojas
|
Pitching: RHP Paco Rojas
|
|
Batting: LHB Seung-soo Ch'ae
|
0-0: Ball 1-0: Foul Ball, location: 2F 1-1: Ball 2-1: Swinging Strike 2-2: Strikes out swinging
|
Batting: LHB Samuel Bartolomej
|
0-0: Called Strike 0-1: Ground out 1-3 (Groundball, P)
|
Batting: RHB Jon Hounshell
|
0-0: Called Strike 0-1: Ball 1-1: Ground out 6-3 (Groundball, 6)
|
Bottom of the 1st over - 0 runs, 0 hits, 0 errors, 0 left on base; Grand Forks 0 - Belleville 0 |
TOP OF THE 2ND |
Grand Forks Caterpillars batting - Pitching for Belleville Bulls : LHP Jason Schneider
|
Batting: LHB Vicente Gonzáles
|
0-0: Swinging Strike 0-1: Foul Ball, location: 2F 0-2: Ball 1-2: Ball 2-2: Ball 3-2: Strikes out looking
|
Batting: RHB Moriz Ayushiev
|
0-0: Ground out 6-3 (Groundball, 6D)
|
Batting: RHB Hang-ki Chung
|
0-0: Foul Ball, location: 2F 0-1: Foul Ball, location: 2F 0-2: Strikes out looking
|
Top of the 2nd over - 0 runs, 0 hits, 0 errors, 0 left on base; Grand Forks 0 - Belleville 0 |
BOTTOM OF THE 2ND |
Belleville Bulls batting - Pitching for Grand Forks Caterpillars : RHP Paco Rojas
|
Batting: LHB Scot Willis
|
0-0: Ball 1-0: Foul Ball, location: 2F 1-1: Ball 2-1: SINGLE (Groundball, 56D)
|
Batting: RHB Júlio Robles
|
0-0: Ball 1-0: Ball 2-0: Ball 3-0: Base on Balls Scot Willis to second
|
Batting: RHB Leonardo Sotelo
|
0-0: Ball 1-0: Swinging Strike 1-1: Foul Ball, location: 2F 1-2: SINGLE (Line Drive, 34) Scot Willis to third Júlio Robles to second
|
Batting: LHB Don McGhee
|
0-0: Foul Ball, location: 2F 0-1: Ball 1-1: DOUBLE (Line Drive, 9) Scot Willis scores Júlio Robles scores Leonardo Sotelo to third
|
Batting: LHB Alan Shaw
|
0-0: DOUBLE (Groundball, 3L) Leonardo Sotelo scores Don McGhee scores
|
Batting: RHB Pancho Rodríguez
|
0-0: Called Strike 0-1: Ball 1-1: Ball 2-1: Foul Ball, location: 2F 2-2: Strikes out looking
|
Batting: LHB Seung-soo Ch'ae
|
0-0: Called Strike 0-1: Ball 1-1: Ball 2-1: Ball 3-1: TRIPLE (Line Drive, 8LXD) Alan Shaw scores
|
Batting: LHB Samuel Bartolomej
|
0-0: Ball 1-0: Called Strike 1-1: Foul Ball, location: 2F 1-2: Foul Ball, location: 2F 1-2: Strikes out looking
|
Batting: RHB Jon Hounshell
|
0-0: Fly out, F7 (Flyball, 78M)
|
Bottom of the 2nd over - 5 runs, 5 hits, 0 errors, 1 left on base; Grand Forks 0 - Belleville 5 |
TOP OF THE 3RD |
Grand Forks Caterpillars batting - Pitching for Belleville Bulls : LHP Jason Schneider
|
Batting: RHB Jun Kung
|
0-0: Called Strike 0-1: Ball 1-1: Called Strike 1-2: Strikes out looking
|
Batting: RHB Vonne Navarrete
|
0-0: Called Strike 0-1: Swinging Strike 0-2: Ball 1-2: Strikes out swinging
|
Batting: SHB Robert Penn
|
0-0: Called Strike 0-1: Swinging Strike 0-2: Ball 1-2: Strikes out swinging
|
Top of the 3rd over - 0 runs, 0 hits, 0 errors, 0 left on base; Grand Forks 0 - Belleville 5 |
BOTTOM OF THE 3RD |
Belleville Bulls batting - Pitching for Grand Forks Caterpillars : RHP Paco Rojas
|
Batting: LHB Scot Willis
|
0-0: SINGLE (Line Drive, 78S)
|
Batting: RHB Júlio Robles
|
0-0: Ball 1-0: Ball 2-0: SINGLE (Groundball, 56D) Scot Willis to second
|
Batting: RHB Leonardo Sotelo
|
0-0: Ball 1-0: SINGLE (Flyball, 78M) Scot Willis to third Júlio Robles to second
|
Batting: LHB Don McGhee
|
0-0: Swinging Strike 0-1: Called Strike 0-2: Foul Ball, location: 2F 0-2: Strikes out looking
|
Batting: LHB Alan Shaw
|
0-0: Called Strike 0-1: Ball 1-1: SINGLE (Groundball, 4MD) Scot Willis scores Júlio Robles to third Leonardo Sotelo to second Runner from 3rd tries for Home, SAFE, no throw
|
Pitching: RHP David Rowlingson
|
|
Batting: RHB Pancho Rodríguez
|
0-0: Ball 1-0: Ball 2-0: Fly out, F6 (Popup, 6M)
|
Batting: LHB Seung-soo Ch'ae
|
0-0: Ball 1-0: Foul Ball, location: 2F 1-1: Fly out, F7 (Flyball, 7)
|
Bottom of the 3rd over - 2 runs, 4 hits, 0 errors, 2 left on base; Grand Forks 0 - Belleville 7 |
TOP OF THE 4TH |
Grand Forks Caterpillars batting - Pitching for Belleville Bulls : LHP Jason Schneider
|
Batting: RHB Hirotada Rin
|
0-0: Fly out, F8 (Flyball, 89M)
|
Batting: SHB Kilipaki Malamapono
|
0-0: Foul Ball, location: 2F 0-1: Called Strike 0-2: Strikes out swinging, 2-3 out at first.
|
Batting: RHB Roberto Flores
|
0-0: Called Strike 0-1: Foul Ball, location: 2F 0-2: Foul Ball, location: 2F 0-2: Ball 1-2: Strikes out looking
|
Top of the 4th over - 0 runs, 0 hits, 0 errors, 0 left on base; Grand Forks 0 - Belleville 7 |
BOTTOM OF THE 4TH |
Belleville Bulls batting - Pitching for Grand Forks Caterpillars : RHP David Rowlingson
|
Batting: LHB Samuel Bartolomej
|
0-0: Called Strike 0-1: Foul Ball, location: 2F 0-2: Ball 1-2: Ball 2-2: Foul Ball, location: 2F 2-2: Fly out, F7 (Flyball, 78M)
|
Batting: RHB Jon Hounshell
|
0-0: Ball 1-0: Swinging Strike 1-1: Swinging Strike 1-2: Fly out, F8 (Flyball, 78D)
|
Batting: LHB Scot Willis
|
0-0: Ground out 4-3 (Groundball, 4)
|
Bottom of the 4th over - 0 runs, 0 hits, 0 errors, 0 left on base; Grand Forks 0 - Belleville 7 |
TOP OF THE 5TH |
Grand Forks Caterpillars batting - Pitching for Belleville Bulls : LHP Jason Schneider
|
Batting: LHB Vicente Gonzáles
|
0-0: Ground out 4-3 (Groundball, 34)
|
Batting: RHB Moriz Ayushiev
|
0-0: Ball 1-0: Ball 2-0: Foul Ball, location: 2F 2-1: Ball 3-1: Foul Ball, location: 2F 3-2: Base on Balls
|
Batting: RHB Hang-ki Chung
|
0-0: Ball 1-0: Called Strike 1-1: Foul Ball, location: 2F 1-2: Foul Ball, location: 2F 1-2: Ball 2-2: Fly out, F7 (Flyball, 7LS)
|
Batting: RHB Jun Kung
|
0-0: Ball 1-0: Ball 2-0: Called Strike 2-1: Called Strike 2-2: Foul Ball, location: 2F 2-2: Fly out, F7 (Flyball, 7S)
|
Top of the 5th over - 0 runs, 0 hits, 0 errors, 1 left on base; Grand Forks 0 - Belleville 7 |
BOTTOM OF THE 5TH |
Belleville Bulls batting - Pitching for Grand Forks Caterpillars : RHP David Rowlingson
|
Batting: RHB Júlio Robles
|
0-0: Ball 1-0: Ball 2-0: Ball 3-0: Called Strike 3-1: Fly out, F8 (Flyball, 8RM)
|
Batting: RHB Leonardo Sotelo
|
0-0: Foul Ball, location: 2F 0-1: Foul Ball, location: 2F 0-2: Strikes out swinging
|
Batting: LHB Don McGhee
|
0-0: Ball 1-0: Called Strike 1-1: Ball 2-1: Ball 3-1: Foul Ball, location: 2F 3-2: Fly out, F8 (Flyball, 8RM)
|
Bottom of the 5th over - 0 runs, 0 hits, 0 errors, 0 left on base; Grand Forks 0 - Belleville 7 |
TOP OF THE 6TH |
Grand Forks Caterpillars batting - Pitching for Belleville Bulls : LHP Jason Schneider
|
Batting: RHB Vonne Navarrete
|
0-0: Ball 1-0: Ball 2-0: Swinging Strike 2-1: Ball 3-1: Called Strike 3-2: Foul Ball, location: 2F 3-2: Foul Ball, location: 2F 3-2: Strikes out looking
|
Batting: SHB Robert Penn
|
0-0: Called Strike 0-1: Ball 1-1: DOUBLE (Flyball, 78D)
|
Batting: RHB Hirotada Rin
|
0-0: Swinging Strike 0-1: Swinging Strike 0-2: Strikes out swinging
|
Batting: SHB Kilipaki Malamapono
|
0-0: Ball 1-0: Foul Ball, location: 2F 1-1: Foul Ball, location: 2F 1-2: Ball 2-2: SINGLE (Line Drive, 34) Robert Penn to third Throwing error, E9 Robert Penn scores Kilipaki Malamapono to second
|
Batting: RHB Roberto Flores
|
0-0: Foul Ball, location: 2F 0-1: Ball 1-1: Called Strike 1-2: Strikes out swinging
|
Top of the 6th over - 1 run, 2 hits, 1 error, 1 left on base; Grand Forks 1 - Belleville 7 |
BOTTOM OF THE 6TH |
Belleville Bulls batting - Pitching for Grand Forks Caterpillars : RHP David Rowlingson
|
Batting: LHB Alan Shaw
|
0-0: Ball 1-0: Foul Ball, location: 2F 1-1: Swinging Strike 1-2: Strikes out swinging
|
Batting: RHB Pancho Rodríguez
|
0-0: Called Strike 0-1: Ball 1-1: Ball 2-1: Fly out, F7 (Flyball, 7S)
|
Batting: LHB Seung-soo Ch'ae
|
0-0: Foul Ball, location: 2F 0-1: Ball 1-1: DOUBLE (Line Drive, 9)
|
Batting: LHB Samuel Bartolomej
|
0-0: SINGLE (Flyball, 78S) Seung-soo Ch'ae to third Runner from 3rd tries for Home, SAFE, no throw
|
Batting: RHB Jon Hounshell
|
0-0: Swinging Strike 0-1: Swinging Strike 0-2: Ball 1-2: Foul Ball, location: 2F 1-2: Fly out, F4 (Line Drive, 4)
|
Bottom of the 6th over - 1 run, 2 hits, 0 errors, 1 left on base; Grand Forks 1 - Belleville 8 |
TOP OF THE 7TH |
Grand Forks Caterpillars batting - Pitching for Belleville Bulls : LHP Jason Schneider
|
Batting: LHB Vicente Gonzáles
|
0-0: Called Strike 0-1: Ball 1-1: Called Strike 1-2: Foul Ball, location: 2F 1-2: Strikes out looking
|
Batting: RHB Moriz Ayushiev
|
0-0: Called Strike 0-1: Foul Ball, location: 2F 0-2: Strikes out swinging
|
Batting: RHB Hang-ki Chung
|
0-0: Ground out 4-3 (Groundball, 4)
|
Top of the 7th over - 0 runs, 0 hits, 0 errors, 0 left on base; Grand Forks 1 - Belleville 8 |
BOTTOM OF THE 7TH |
Belleville Bulls batting - Pitching for Grand Forks Caterpillars : RHP David Rowlingson
|
Batting: LHB Scot Willis
|
0-0: Ball 1-0: Swinging Strike 1-1: Ball 2-1: Ball 3-1: Base on Balls
|
Batting: RHB Júlio Robles
|
0-0: Called Strike 0-1: Fly out, F5 (Popup, 56S)
|
Batting: RHB Leonardo Sotelo
|
0-0: Ball 1-0: Ball 2-0: Foul Ball, location: 2F 2-1: Foul Ball, location: 2F 2-2: Strikes out swinging
|
Batting: LHB Don McGhee
|
0-0: Ball 1-0: Foul Ball, location: 2F 1-1: Single, Error in OF, E9, batter to second base Scot Willis to third
|
Batting: LHB Alan Shaw
|
0-0: Ball 1-0: 3-RUN HOME RUN (Flyball, 9D), Distance : 375 ft
|
Batting: RHB Pancho Rodríguez
|
0-0: Called Strike 0-1: Foul Ball, location: 2F 0-2: Fly out, F8 (Line Drive, 8RM)
|
Bottom of the 7th over - 3 runs, 2 hits, 1 error, 0 left on base; Grand Forks 1 - Belleville 11 |
TOP OF THE 8TH |
Grand Forks Caterpillars batting - Pitching for Belleville Bulls : LHP Jason Schneider
|
Batting: RHB Jun Kung
|
0-0: Ball 1-0: Foul Ball, location: 2F 1-1: Ball 2-1: Foul Ball, location: 2F 2-2: Strikes out swinging
|
Pitching: RHP Jorge Moreno
|
|
Batting: RHB Vonne Navarrete
|
0-0: Ball 1-0: Ball 2-0: Fly out, F8 (Flyball, 8LS)
|
Batting: SHB Robert Penn
|
0-0: Fly out, F9 (Line Drive, 89D)
|
Top of the 8th over - 0 runs, 0 hits, 0 errors, 0 left on base; Grand Forks 1 - Belleville 11 |
BOTTOM OF THE 8TH |
Belleville Bulls batting - Pitching for Grand Forks Caterpillars : RHP David Rowlingson
|
Batting: LHB Seung-soo Ch'ae
|
0-0: Swinging Strike 0-1: Swinging Strike 0-2: Ball 1-2: SINGLE (Flyball, 8RS)
|
Pitching: RHP Joel Bennett
|
|
Batting: LHB Samuel Bartolomej
|
0-0: Ball Wild Pitch! Seung-soo Ch'ae to second 1-0: Ball 2-0: Ball 3-0: Called Strike 3-1: Base on Balls
|
Batting: RHB Jon Hounshell
|
0-0: Ball 1-0: Ball 2-0: Called Strike 2-1: Ball 3-1: Base on Balls Seung-soo Ch'ae to third Samuel Bartolomej to second
|
Batting: LHB Scot Willis
|
0-0: Ball 1-0: Ball 2-0: Ball 3-0: Called Strike 3-1: Base on Balls Seung-soo Ch'ae scores Samuel Bartolomej to third Jon Hounshell to second
|
Batting: RHB Júlio Robles
|
0-0: Called Strike 0-1: Ball 1-1: Fly out, F9 (Flyball, 89M) Runner from 3rd tags up, SCORES, throw made
|
Batting: RHB Leonardo Sotelo
|
0-0: Ball 1-0: Fly out, F6 (Popup, 6M)
|
Batting: LHB Don McGhee
|
0-0: Ball 1-0: Called Strike 1-1: Ground out 4-3 (Groundball, 4S)
|
Bottom of the 8th over - 2 runs, 1 hit, 0 errors, 2 left on base; Grand Forks 1 - Belleville 13 |
TOP OF THE 9TH |
Grand Forks Caterpillars batting - Pitching for Belleville Bulls : RHP Jorge Moreno
|
Batting: RHB Hirotada Rin
|
0-0: Ground out 1-3 (Groundball, 15S)
|
Batting: SHB Kilipaki Malamapono
|
0-0: Called Strike 0-1: Ball 1-1: Foul Ball, location: 2F 1-2: Ball 2-2: Strikes out swinging
|
Batting: RHB Roberto Flores
|
0-0: Ball 1-0: Called Strike 1-1: Ground out 6-3 (Groundball, 6)
|
Top of the 9th over - 0 runs, 0 hits, 0 errors, 0 left on base; Grand Forks 1 - Belleville 13 |
|